 Dungeon Crawl Stone Soup version 0.31-a0-7-g51783674b7 (webtiles) character file.

Game seed: 15381824621285931092

124 Dittersdorf the Covered (level 5, -3/33 HPs)
             Began as a Gargoyle Fighter on May 5, 2023.
             Slain by an orc
             ... wielding a +2 mace of protection
              (8 damage)
             ... on level 3 of the Dungeon.
             The game lasted 00:02:27 (1748 turns).

Dittersdorf the Covered (Gargoyle Fighter)          Turns: 1748, Time: 00:02:28

Health: -3/33      AC: 11    Str: 21    XL:     5   Next: 8%
Magic:  5/5        EV:  9    Int:  9    God:
Gold:   91         SH:  4    Dex:  9    Spells: 4/4 levels left

rFire   + . .        a - +0 flail
rCold   + . .        c - +0 buckler
rNeg    + . .        b - +0 scale mail
rPois   ∞            (no helmet)
rElec   +            k - scarf {rC+ rF+}
rCorr   .            (no gloves)
SInv    .            (no boots)
Will    .....        e - amulet of magic regeneration Stlth
                     j - ring of flight
HPRegen 0.25/turn    (no ring)
MPRegen 0.49/turn

%: no passive effects
@: flying
A: sickness immunity, AC +4, negative energy resistance 1, electricity
resistance, torment resistance 1, petrification resistance
a: no special abilities


You were on level 3 of the Dungeon.
You visited 1 branch of the dungeon, and saw 3 of its levels.

You collected 91 gold pieces.

Inventory:

Hand Weapons
 a - a +0 flail (weapon)
Armour
 b - a +0 scale mail (worn)
 c - a +0 buckler (worn)
 k - a scarf of resistance (worn)
Jewellery
 e - an amulet of magic regeneration (around neck)
 j - a ring of flight (left hand)
Scrolls
 f - 2 scrolls of summoning {unknown}
 h - a scroll of fog
 i - a scroll of vulnerability {unknown}
 l - a scroll of brand weapon {unknown}
 n - a scroll of blinking {unknown}
 o - a scroll of acquirement {unknown}
 q - a scroll of fear {unknown}
Potions
 d - 2 potions of might
 g - 2 potions of flight {unknown}
 m - a potion of lignification {unknown}
 p - a potion of heal wounds {unknown}


   Skills:
 + Level 4.1 Fighting
 + Level 3.0 Maces & Flails
 + Level 4.2 Armour
 + Level 4.1 Shields


You had 4 spell levels left.
You didn't know any spells.
Your spell library was empty.

Dungeon Overview and Level Annotations

Branches:
Dungeon (3/15)

Altars:
Fedhas


Innate Abilities, Weirdness & Mutations

You are immune to sickness and miasma.
Your stone body is resilient. (AC +4)
You are immune to poison.
You resist negative energy. (rN+)
You are resistant to electric shocks. (rElec)
You are resistant to unholy torment.
You are immune to petrification.


Message History

The orc priest is severely wounded.
You block the orc priest's attack.
You sock the orc priest!
You kill the orc priest!
You block the orc's attack.
Your Maces & Flails skill increases to level 3!
You have reached level 5!
You hit the orc but do no damage. The orc barely misses you.
You thump the orc!
You kill the orc!
The orc throws a stone.
The stone hits you.
The orc hits you with a +2 mace of protection.
* * * LOW HITPOINT WARNING * * *
Things that are here:
a +0 dagger; a +0 leather armour; a +0 dagger You hit the orc.
The orc is lightly wounded.
The orc barely misses you.
You closely miss the orc.
The orc is lightly wounded.
The orc hits you with a +2 mace of protection.
* * * LOW HITPOINT WARNING * * *
The orc barely misses you.
You hit the orc but do no damage.
The orc is lightly wounded.
You block the orc's attack.
You closely miss the orc. The orc hits you but does no damage.
You barely miss the orc. The orc hits you but does no damage. x2
You hit the orc but do no damage.
The orc hits you with a +2 mace of protection.
* * * LOW HITPOINT WARNING * * *
You hit the orc but do no damage.
The orc hits you with a +2 mace of protection.
* * * LOW HITPOINT WARNING * * *
You barely miss the orc. The orc hits you but does no damage.
You barely miss the orc. The orc hits you but does no damage.
You block the orc's attack.
You hit the orc but do no damage.
The orc hits you with a +2 mace of protection!
You die...

#########
........###########
#######............
####..########(.
##.#####......# ###
#...oo@..##..##
#..########...# ≈
#...# # ....# #
#...# ....# ....#
...#......
.........


You could see 2 orcs.

Vanquished Creatures
  An orc priest (D:3)
  Crazy Yiuf (D:2)
  3 adders
  2 worms (D:2)
  5 orcs (D:3)
  An endoplasm (D:2)
  2 goblins (D:2)
  A hobgoblin (D:1)
  4 jackals (D:2)
  2 ball pythons (D:2)
  3 bats
  3 frilled lizards (D:1)
  3 kobolds
  A rat (D:2)
32 creatures vanquished.

Vanquished Creatures (others)
  2 fungi (D:2)
2 creatures vanquished.

Grand Total: 34 creatures vanquished

Notes
Turn   | Place    | Note
-------+----------+-------------------------------------------
     0 | D:1      | Dittersdorf the Gargoyle Fighter began the quest for the
                  | Orb.
     0 | D:1      | Reached XP level 1. HP: 14/14 MP: 1/1
   978 | D:2      | Reached XP level 2. HP: 18/19 MP: 2/2
  1194 | D:2      | Reached XP level 3. HP: 24/24 MP: 3/3
  1276 | D:2      | Found a faded altar of an unknown god.
  1522 | D:2      | Found a runed translucent door.
  1523 | D:2      | Noticed Crazy Yiuf
  1533 | D:2      | Killed Crazy Yiuf
  1534 | D:2      | Reached XP level 4. HP: 15/29 MP: 2/4
  1632 | D:3      | Found a blossoming altar of Fedhas.
  1736 | D:3      | Reached XP level 5. HP: 10/33 MP: 5/5
  1748 | D:3      | Slain by an orc

Illustrated notes

Levels and vault maps discovered:
D:1:      lemuel_arrival_rhombus, layout_loops_corners, minmay_split_cup_small
D:2:      layout_rooms, serial_curves, eino_curves_02, eino_curves_04,
          shapermc_ecumenical_altar_pompeii, grunt_ministairs_11,
          uniq_crazy_yiuf_cottage
D:3:      layout_loops_ring, lemuel_tele_altar, chequers_big_river,
          minmay_box_of_dots

Skill      XL: |  1  2  3  4 |
---------------+-------------+-----
Armour         | 4 |  4.2
Shields        | 4 |  4.1
Fighting       | 4 |  4.1
Maces & Flails | 3 |  3.0

Action                     |  1- 3 |  4- 6 || total
---------------------------+-------+-------++-------
  Melee: Flail             |   103 |    38 ||   141
    Use: Scroll            |     1 |       ||     1
 Armour: Scale mail        |    84 |    15 ||    99
  Dodge: Dodged            |    54 |    10 ||    64
  Block: Buckler           |    23 |     9 ||    32

Table legend: (Time is in decaauts)
 A = Elapsed time spent in this place.
 B = Non-inter-level travel time spent in this place.
 C = Inter-level travel time spent in this place.
 D = Time resting spent in this place.
 E = Time spent auto-exploring this place.
 F = Levels seen in this place.
 G = Mean time per level.
                   A        B        C        D        E       F      G
               +--------+--------+--------+--------+--------+-----+--------+
         Total |   1776 |   1599 |    177 |     69 |   1141 |   3 |  592.0 |
       Dungeon |   1776 |   1599 |    177 |     69 |   1141 |   3 |  592.0 |
               +--------+--------+--------+--------+--------+-----+--------+

Top non-repeatable levels by time:
     D:1: 943 daAuts
     D:2: 704 daAuts
     D:3: 128 daAuts
